 Dungeon Crawl Stone Soup version 0.15-a0-1506-g1b030bc (webtiles) character file.

1075 Deemzul the Fighter (level 8, -2/69 HPs)
             Began as a Demonspawn Monk on June 15, 2014.
             Slain by an ogre
             ... wielding a cursed +0,-3 giant club
              (14 damage)
             ... on Level 4 of the Dungeon.
             The game lasted 00:07:41 (3205 turns).

Deemzul the Fighter (Demonspawn Monk)               Turns: 3205, Time: 00:07:41

HP  -2/69        AC  6     Str 11      XL: 8   Next:  8%
MP   8/8         EV 13     Int 12      God:
Gold 137         SH  0     Dex 15      Spells:  0 memorised,  7 levels left

rFire  . . .     SeeInvis +     s - +7,+5 war axe "Utaenukk" {chop, +Blink rN+ MR+ Dex-3 SInv}
rCold  + . .     Clarity  .     a - +0 robe
rNeg   + + .     rCorr    .     (no shield)
rPois  +         rRot     .     (helmet restricted)
rElec  .         Spirit   .     (no cloak)
SustAb .         Warding  .     (no gloves)
rMut   .         Stasis   .     (no boots)
Gourm  .                        (no amulet)
MR     ++...                    u - ring of positive energy
                                x - ring of protection from magic

@: very resistant to hostile enchantments, unstealthy
A: horns 1, slimy green scales 3, cold resistance 1
a: Evoke Blink


You were on level 4 of the Dungeon.
You were not hungry.

You visited 1 branch of the dungeon, and saw 5 of its levels.

You collected 137 gold pieces.

Inventory:

Hand weapons
 s - the +7,+5 war axe "Utaenukk" (weapon) {chop, +Blink rN+ MR+ Dex-3 SInv}
   (You found it on level 5 of the Dungeon)

   It inflicts extra damage upon your enemies.
   It affects your dexterity (-3).
   It protects you from negative energy.
   It affects your resistance to hostile enchantments.
   It enhances your eyesight.
   It lets you blink.
 t - a +1,+0 trident
Missiles
 n - 3 stones (quivered)
Armour
 a - a +0 robe (worn)
Magical devices
 q - a wand of cold (6)
Comestibles
 b - 2 bread rations
 l - a meat ration
Scrolls
 c - 3 scrolls of amnesia {unknown}
 d - 2 scrolls of identify {unknown}
 e - a scroll of random uselessness {unknown}
 f - a scroll of enchant armour {unknown}
 g - 2 scrolls of fear {unknown}
 j - 3 scrolls of immolation {unknown}
 m - 2 scrolls of remove curse {unknown}
 v - a scroll of enchant weapon II {unknown}
Jewellery
 k - a +3 ring of intelligence
 o - an uncursed amulet of stasis
 u - a ring of positive energy (right hand)
 x - a ring of protection from magic (left hand)
Potions
 h - 4 potions of curing {unknown}
 i - a potion of heal wounds
 p - a potion of haste {unknown}
 r - a potion of might {unknown}
 w - a potion of mutation {unknown}
 z - a potion of cure mutation {unknown}
 A - a potion of restore abilities {unknown}


   Skills:
 * Level 8.4 Fighting
 - Level 2.6 Dodging
 - Level 1.7 Stealth
 + Level 6.0 Unarmed Combat


You had 7 spell levels left.
You didn't know any spells.

Dungeon Overview and Level Annotations

Branches:
Dungeon (5/15)
 Temple: D:4-7

Altars:
Gozag
The Shining One

Annotations:
D:4 Menkaure


Innate Abilities, Weirdness & Mutations

You have a pair of small horns on your head.
You are completely covered in slimy green scales (AC +4, rPois).
Your flesh is cold resistant.


Message History

a club; a spear; a goblin corpse; a gnoll corpse
Things that are here:
a spear; a gnoll corpse
Things that are here:
a glowing scythe; a robe; the human corpse of Sigmund
Things that are here:
a glowing scythe; a robe; the human corpse of Sigmund
There is a stone staircase leading up here.
Evoke which item? (* to show all) (? for menu, Esc to quit)
Zapping:
q - a wand of cold {zapped: 3}
Press: ? - help, Shift-Dir - straight line, f - ogre
Aim: an ogre, wielding a giant club The bolt of cold hits the ogre.
The ogre is heavily wounded.
You swing at nothing.
The ogre hits you with a giant club!!
* * * LOW HITPOINT WARNING * * *
You hit the ogre.
The ogre is severely wounded.
The ogre hits you with a giant club!
You die...

..#.# ..... . #...............
#.#.####...... #...............
#......#.)....#####...<.>........
##.......................<.......
##.........####....##.######....#
................##....# #.##..
####..............##..# #.. .
#....#..>......##.... ..
#####..#........@#.##.####
.......###.....O.#.##.#### #####
.# #(......#......... g..#
.##................ ##g#
..#.%.......#....... g..
#.#.)........#.###### g#...
#.#.))...............
...##..#.#.#....###.#..#####
..............#........#


You could see an ogre.

Vanquished Creatures
  The ghost of newbht the Ruffian, an experienced TrMo of Xom (D:5)
  Grinder (D:3)
  An ogre (D:5)
  Sigmund (D:4)
  A hound (D:4)
  An orc wizard (D:3)
  A worker ant (D:5)
  A killer bee zombie (D:5)
  3 gnolls (D:4)
  6 adders
  2 giant mites
  7 worms
  4 giant geckos
  5 orcs
  4 giant cockroaches
  13 goblins
  8 hobgoblins
  12 kobolds
  A quokka (D:2)
  8 bats
  3 giant newts
  An orc skeleton (D:4)
  9 rats
  A rat skeleton (D:5)
95 creatures vanquished.

Notes
Turn   | Place    | Note
--------------------------------------------------------------
     0 | D:1      | Deemzul, the Demonspawn Monk, began the quest for the Orb.
     0 | D:1      | Reached XP level 1. HP: 18/18 MP: 1/1
   189 | D:1      | Gained mutation: You are partially covered in slimy green scales (AC +2). [demonic ancestry]
   189 | D:1      | Reached XP level 2. HP: 12/24 MP: 2/2
   928 | D:2      | Reached skill level 4 in Fighting
   928 | D:2      | Gained mutation: You are mostly covered in slimy green scales (AC +3). [demonic ancestry]
   928 | D:2      | Reached XP level 3. HP: 14/30 MP: 3/3
  1332 | D:2      | Found a glowing golden altar of the Shining One.
  1340 | D:2      | Reached XP level 4. HP: 35/38 MP: 4/4
  1573 | D:3      | Reached skill level 5 in Fighting
  1704 | D:3      | Gained mutation: Your flesh is cold resistant. [demonic ancestry]
  1704 | D:3      | Reached XP level 5. HP: 32/44 MP: 5/5
  1808 | D:3      | Noticed Grinder
  1827 | D:3      | Killed Grinder
  1827 | D:3      | Reached skill level 6 in Fighting
  1827 | D:3      | Gained mutation: You are completely covered in slimy green scales (AC +4, rPois). [demonic ancestry]
  1827 | D:3      | Reached XP level 6. HP: 51/53 MP: 6/6
  2155 | D:4      | Noticed Menkaure
  2311 | D:4      | Reached skill level 5 in Unarmed Combat
  2388 | D:4      | Noticed Sigmund
  2408 | D:5      | Entered Level 5 of the Dungeon
  2544 | D:5      | Got a crystal war axe
  2545 | D:5      | Identified the +7,+5 war axe "Utaenukk" {chop, +Blink rN+ MR+ Dex-3 SInv} (You found it on level 5 of the Dungeon)
  2555 | D:5      | Found an opulent altar of Gozag.
  2674 | D:5      | Reached skill level 7 in Fighting
  2674 | D:5      | Gained mutation: You have a pair of small horns on your head. [demonic ancestry]
  2674 | D:5      | Reached XP level 7. HP: 39/60 MP: 7/7
  2791 | D:5      | Noticed newbht's ghost (experienced TrMo)
  2810 | D:5      | Killed newbht's ghost
  2810 | D:5      | Reached skill level 8 in Fighting
  3183 | D:4      | Reached XP level 8. HP: 36/68 MP: 8/8
  3188 | D:4      | Killed Sigmund
  3205 | D:4      | Slain by an ogre

Action                   |  1- 3 |  4- 6 |  7- 9 || total
-------------------------+-------+-------+-------++-------
Melee: Unarmed           |   144 |   206 |       ||   350
       Trident           |       |     7 |       ||     7
       War axe           |       |    11 |    40 ||    51
Throw: Stone             |    15 |       |       ||    15
Evoke: Wand              |       |     3 |     1 ||     4
  Use: Potion            |       |     2 |     4 ||     6
       Scroll            |       |     3 |       ||     3
 Stab: Sleeping          |     3 |     2 |     2 ||     7
       Distracted        |       |       |     1 ||     1
